AoeStats
← hainguyennguyenthoi

Arena

508402118Analyzed
3v3 RM · 11d ago on Sep 22, 2026· 31m 27s· 6 players
Game mode
Random Map
Map size
Normal (6 player)
Population
200
Speed
Normal
Resources
Standard
Victory
Conquest
Starting age
Dark Age
Ending age
Imperial Age
RankedLock teamsTeams togetherTeam positionsShared explorationLock speedFull tech treeHidden civsTurbo modeCheats
Victory
Defeat
🇭🇰 Mongols · Hong Kong SAR China
1474
+4
1316
+7
🇻🇳 Tatars · Vietnam
1313
+8
🇩🇪 Malians · Germany
1161
-7
🇹🇷 Armenians · Türkiye
1143
-7
🇩🇪 Burgundians · Germany
1046
-5
hainguyennguyenthoi
11:09 Feudal Age
15:09 Castle Age
13:22 Double-Bit Axe
13:31 Horse Collar
13:43 Gold Mining
15:11 Loom
16:47 Bow Saw
22:00 Heavy Plow
22:38 Gold Shaft Mining
24:21 Wheelbarrow
28:44 Imperial Age
26:18 Fletching
26:31 Stone Mining
27:20 Ballistics
26:57 Bodkin Arrow
29:10 Fortified Wall
29:30 Bracer
30:32 Chemistry
魔鬼我在索马里
10:04 Feudal Age
13:56 Castle Age
12:21 Double-Bit Axe
14:42 Loom
16:11 Horse Collar
18:01 Fletching
19:05 Bodkin Arrow
22:04 Forging
22:00 Scale Barding Armor
大庆Song
4:09 Loom
11:39 Feudal Age
15:18 Castle Age
14:11 Double-Bit Axe
14:17 Stone Mining
14:10 Horse Collar
16:15 Heavy Plow
21:27 Wheelbarrow
23:47 Bow Saw
26:20 Gold Mining
30:08 Imperial Age
28:27 Stone Shaft Mining
28:30 Gold Shaft Mining
27:47 Fletching
28:42 Hand Cart
28:49 Bloodlines
29:01 Bodkin Arrow
29:53 Coinage
29:54 Padded Archer Armor
29:58 Husbandry
30:11 Thumb Ring
30:56 Bracer
31:59 Chemistry
32:00 Leather Archer Armor
Frosty
11:00 Feudal Age
14:39 Castle Age
12:36 Horse Collar
13:14 Double-Bit Axe
15:58 Heavy Plow
16:44 Bow Saw
18:08 Man-at-Arms
20:01 Gambesons
19:40 Long Swordsman
20:21 Gambesons
21:24 Squires
21:11 Arson
22:06 Two-Handed Swordsman
22:39 Gold Mining
23:50 Scale Mail Armor
26:50 Forging
28:06 Gold Shaft Mining
27:22 Stone Mining
28:21 Loom
29:11 Wheelbarrow
28:22 Town Watch
28:27 Champion
33:33 Imperial Age
32:15 Iron Casting
31:55 Chain Mail Armor
WachTraeumer
5:22 Double-Bit Axe
11:27 Feudal Age
12:33 Horse Collar
15:17 Castle Age
13:43 Bow Saw
13:52 Heavy Plow
15:32 Light Cavalry
20:52 Wheelbarrow
21:09 Husbandry
21:36 Stone Mining
22:16 Cavalier
Jonas
11:25 Feudal Age
15:33 Castle Age
13:54 Horse Collar
14:00 Double-Bit Axe
18:20 Heavy Plow
19:30 Bow Saw
20:30 Stone Mining
Connection lost

Rejoining the realm…

Still unreachable

The connection could not be restored.

Session expired

The server has moved on; the page needs a fresh start.